ITL
PORTLAND PRIVATEERS @ HAVANA ROLLERS
07/22/2030
 
TOP OF THE 1ST
Portland Privateers batting - Pitching for Havana Rollers : LHP Dave Miller
Pitching: LHP Dave Miller
Batting: RHB Carlos Castro 0-0: Called Strike
0-1: Ground out 4-3 (Groundball, 4S)
Batting: LHB Yasuhiko Onodera 0-0: Foul Ball, location: 2F
0-1: SINGLE (Line Drive, 78S)
Batting: SHB Jacob Knapp 0-0: Ball
1-0: Ball
2-0: Foul Ball, location: 2F
2-1: DOUBLE (Flyball, 8RXD)
Yasuhiko Onodera to third
Batting: RHB José Balina 0-0: Ball
1-0: Foul Ball, location: 2F
1-1: Ball
2-1: Foul Ball, location: 2F
2-2: SINGLE (Line Drive, 56D)
Yasuhiko Onodera scores
Jacob Knapp to third
Runner from 3rd tries for Home, SAFE, no throw
Batting: LHB Dillon Beck 0-0: Ball
1-0: Foul Ball, location: 2F
1-1: Swinging Strike
1-2: Strikes out swinging
Batting: SHB Cory Campbell 0-0: Swinging Strike
0-1: Ground out 3-1 (Groundball, 34S)
Top of the 1st over - 2 runs, 3 hits, 0 errors, 1 left on base; Portland 2 - Havana 0
BOTTOM OF THE 1ST
Havana Rollers batting - Pitching for Portland Privateers : RHP Ray McIntyre
Pitching: RHP Ray McIntyre
Batting: RHB Paul Bailey 0-0: Fly out, F8 (Flyball, 8RS)
Batting: LHB Mario Olivares 0-0: Fly out, F8 (Flyball, 8RS)
Batting: RHB Brant Sherman 0-0: Called Strike
0-1: Ball
1-1: Ball
2-1: Foul Ball, location: 2F
2-2: SINGLE (Groundball, 3D)
Batting: RHB Soshu Nakamura 0-0: Ball
Brant Sherman is caught stealing 2nd base
Bottom of the 1st over - 0 runs, 1 hit, 0 errors, 0 left on base; Portland 2 - Havana 0
TOP OF THE 2ND
Portland Privateers batting - Pitching for Havana Rollers : LHP Dave Miller
Batting: SHB Rodney Birling 0-0: Called Strike
0-1: Ball
1-1: Foul Ball, location: 2F
1-2: Foul Ball, location: 2F
1-2: Ball
2-2: Strikes out swinging
Batting: SHB José Espinoza 0-0: Ball
1-0: Ball
2-0: Ball
3-0: Called Strike
3-1: Swinging Strike
3-2: Base on Balls
Batting: SHB Luis Manuel López 0-0: Ball
1-0: Called Strike
1-1: Ball
2-1: Foul Ball, location: 2F
2-2: Ball
3-2: Strikes out looking
Batting: RHB Carlos Castro 0-0: Called Strike
0-1: Swinging Strike
0-2: Ball
1-2: Ball
2-2: Fly out, F9 (Flyball, 89M)
Top of the 2nd over - 0 runs, 0 hits, 0 errors, 1 left on base; Portland 2 - Havana 0
BOTTOM OF THE 2ND
Havana Rollers batting - Pitching for Portland Privateers : RHP Ray McIntyre
Batting: RHB Soshu Nakamura 0-0: Ground out 4-3 (Groundball, 4)
Batting: RHB Bill Little 0-0: SINGLE (Groundball, 34D)
Batting: LHB Shiro Ueno 0-0: Grounds into double play, 3-6-3 (Groundball, 3)
Bottom of the 2nd over - 0 runs, 1 hit, 0 errors, 0 left on base; Portland 2 - Havana 0
TOP OF THE 3RD
Portland Privateers batting - Pitching for Havana Rollers : LHP Dave Miller
Batting: LHB Yasuhiko Onodera 0-0: Ball
1-0: Called Strike
1-1: Ball
2-1: Swinging Strike
2-2: Foul Ball, location: 2F
2-2: Foul Ball, location: 2F
2-2: Foul Ball, location: 2F
2-2: Strikes out swinging
Batting: SHB Jacob Knapp 0-0: Foul Ball, location: 2F
0-1: SINGLE (Groundball, 56D)
Batting: RHB José Balina 0-0: Ball
1-0: Foul Ball, location: 2F
1-1: Ball
2-1: Called Strike
2-2: Ball
3-2: Strikes out swinging
Batting: LHB Dillon Beck 0-0: Foul Ball, location: 2F
0-1: Fly out, F7 (Flyball, 78S)
Top of the 3rd over - 0 runs, 1 hit, 0 errors, 1 left on base; Portland 2 - Havana 0
BOTTOM OF THE 3RD
Havana Rollers batting - Pitching for Portland Privateers : RHP Ray McIntyre
Batting: RHB Mitsuharu Matsumoto 0-0: Called Strike
0-1: Ball
1-1: Ball
2-1: Swinging Strike
2-2: Strikes out swinging
Batting: RHB Luis Aguilar 0-0: Ball
1-0: Ball
2-0: Ball
3-0: Called Strike
3-1: Base on Balls
Batting: RHB Ken MacDonald 0-0: Ball
1-0: Foul Ball, location: 2F
1-1: Ball
2-1: Foul Ball, location: 2F
2-2: Strikes out swinging
Batting: RHB Paul Bailey 0-0: Ball
1-0: Foul Ball, location: 2F
1-1: Fly out, F9 (Flyball, 9)
Bottom of the 3rd over - 0 runs, 0 hits, 0 errors, 1 left on base; Portland 2 - Havana 0
TOP OF THE 4TH
Portland Privateers batting - Pitching for Havana Rollers : LHP Dave Miller
Batting: SHB Cory Campbell 0-0: Ball
1-0: Ball
2-0: SINGLE (Groundball, 56D)
Batting: SHB Rodney Birling 0-0: Called Strike
0-1: Ball
1-1: Ball
2-1: Foul Ball, location: 2F
2-2: Strikes out swinging
Batting: SHB José Espinoza 0-0: Ball
1-0: Foul Ball, location: 2F
1-1: Ball
2-1: Foul Ball, location: 2F
2-2: Fly out, F8 (Flyball, 8LM)
Batting: SHB Luis Manuel López 0-0: Called Strike
0-1: Ground out 5-3 (Groundball, 56S)
Top of the 4th over - 0 runs, 1 hit, 0 errors, 1 left on base; Portland 2 - Havana 0
BOTTOM OF THE 4TH
Havana Rollers batting - Pitching for Portland Privateers : RHP Ray McIntyre
Batting: LHB Mario Olivares 0-0: Ball
1-0: Called Strike
1-1: Ball
2-1: Fly out, F9 (Line Drive, 9S)
Batting: RHB Brant Sherman 0-0: Called Strike
0-1: Ball
1-1: Ground out 6-3 (Groundball, 6)
Batting: RHB Soshu Nakamura 0-0: Called Strike
0-1: Swinging Strike
0-2: Ball
1-2: Strikes out swinging
Bottom of the 4th over - 0 runs, 0 hits, 0 errors, 0 left on base; Portland 2 - Havana 0
TOP OF THE 5TH
Portland Privateers batting - Pitching for Havana Rollers : LHP Dave Miller
Batting: RHB Carlos Castro 0-0: Ball
1-0: Ball
2-0: Called Strike
2-1: Ball
3-1: Fly out, F9 (Flyball, 9S)
Batting: LHB Yasuhiko Onodera 0-0: Called Strike
0-1: Swinging Strike
0-2: Strikes out swinging
Batting: SHB Jacob Knapp 0-0: Ball
1-0: TRIPLE (Flyball, 8LXD)
Batting: RHB José Balina 0-0: Called Strike
0-1: Ball
1-1: Foul Ball, location: 2F
1-2: Strikes out swinging
Top of the 5th over - 0 runs, 1 hit, 0 errors, 1 left on base; Portland 2 - Havana 0
BOTTOM OF THE 5TH
Havana Rollers batting - Pitching for Portland Privateers : RHP Ray McIntyre
Batting: RHB Bill Little 0-0: Ball
1-0: Ball
2-0: Called Strike
2-1: Foul Ball, location: 2F
2-2: Strikes out swinging
Batting: LHB Shiro Ueno 0-0: Ball
1-0: Ball
2-0: Ball
3-0: Base on Balls
Pitching: RHP Gabe Lewis
Batting: RHB Mitsuharu Matsumoto 0-0: Ball
1-0: Called Strike
1-1: Foul Ball, location: 2F
1-2: Fly out, F6 (Line Drive, 6)
Lined into DP, 6-3 (Line Drive, 6)
Bottom of the 5th over - 0 runs, 0 hits, 0 errors, 0 left on base; Portland 2 - Havana 0
TOP OF THE 6TH
Portland Privateers batting - Pitching for Havana Rollers : LHP Dave Miller
Pitching: RHP Ron Henningar
Batting: LHB Dillon Beck 0-0: Ball
1-0: Called Strike
1-1: Called Strike
1-2: Ground out 5-3 (Groundball, 56)
Batting: SHB Cory Campbell 0-0: Ball
1-0: Ball
2-0: SINGLE (Groundball, 56) (infield hit)
Batting: SHB Rodney Birling 0-0: SINGLE (Groundball, 34D)
Cory Campbell to second
Runner from 2nd tries for 3rd, SAFE, no throw
Batting: SHB José Espinoza 0-0: Foul Ball, location: 2F
0-1: Foul Ball, location: 2F
0-2: Ball
1-2: SINGLE (Flyball, 34D)
Cory Campbell scores
Rodney Birling to second
Runner from 2nd tries for 3rd, SAFE, no throw
Batting: SHB Luis Manuel López 0-0: Ball
José Espinoza steals 2nd base
1-0: Fly out, F5 (Popup, 5F)
Batting: RHB Carlos Castro 0-0: Called Strike
0-1: Fly out, F9 (Line Drive, 89S)
Top of the 6th over - 1 run, 3 hits, 0 errors, 2 left on base; Portland 3 - Havana 0
BOTTOM OF THE 6TH
Havana Rollers batting - Pitching for Portland Privateers : RHP Gabe Lewis
Batting: RHB Luis Aguilar 0-0: Foul Ball, location: 2F
0-1: Swinging Strike
0-2: Ball
1-2: Foul Ball, location: 2F
1-2: Strikes out swinging passed ball, reaches first!
Batting: RHB Ken MacDonald 0-0: Called Strike
0-1: Ball
1-1: Called Strike
1-2: Foul Ball, location: 2F
1-2: Foul Ball, location: 2F
1-2: Fly out, F8 (Flyball, 8RM)
Batting: RHB Paul Bailey 0-0: Ball
1-0: TRIPLE (Flyball, 89XD)
Luis Aguilar scores
Batting: LHB Mario Olivares 0-0: Ball
1-0: Called Strike
1-1: Called Strike
1-2: Strikes out swinging
Batting: RHB Brant Sherman 0-0: Called Strike
0-1: Ball
1-1: Ball
2-1: Foul Ball, location: 2F
2-2: Fly out, F9 (Flyball, 89S)
Bottom of the 6th over - 1 run, 1 hit, 0 errors, 1 left on base; Portland 3 - Havana 1
TOP OF THE 7TH
Portland Privateers batting - Pitching for Havana Rollers : RHP Ron Henningar
Batting: LHB Yasuhiko Onodera 0-0: Called Strike
0-1: Ball
1-1: Swinging Strike
1-2: Strikes out swinging
Batting: SHB Jacob Knapp 0-0: Ball
1-0: Foul Ball, location: 2F
1-1: Ball
2-1: Foul Ball, location: 2F
2-2: Ball
3-2: Strikes out looking
Batting: RHB José Balina 0-0: Ball
1-0: Ball
2-0: Foul Ball, location: 2F
2-1: Called Strike
2-2: Fly out, F8 (Flyball, 8RM)
Top of the 7th over - 0 runs, 0 hits, 0 errors, 0 left on base; Portland 3 - Havana 1
BOTTOM OF THE 7TH
Havana Rollers batting - Pitching for Portland Privateers : RHP Gabe Lewis
Batting: RHB Soshu Nakamura 0-0: Foul Ball, location: 2F
0-1: Swinging Strike
0-2: Strikes out swinging
Batting: RHB Bill Little 0-0: Called Strike
0-1: Fly out, F9 (Flyball, 9S)
Batting: LHB Shiro Ueno 0-0: Called Strike
0-1: Foul Ball, location: 2F
0-2: Strikes out swinging
Bottom of the 7th over - 0 runs, 0 hits, 0 errors, 0 left on base; Portland 3 - Havana 1
TOP OF THE 8TH
Portland Privateers batting - Pitching for Havana Rollers : RHP Ron Henningar
Batting: LHB Dillon Beck 0-0: Called Strike
0-1: Ball
1-1: Ball
2-1: Foul Ball, location: 2F
2-2: Foul Ball, location: 2F
2-2: Strikes out swinging
Batting: SHB Cory Campbell 0-0: Foul Ball, location: 2F
0-1: Ball
1-1: Ball
2-1: Foul Ball, location: 2F
2-2: Ball
3-2: Base on Balls
Batting: SHB Rodney Birling 0-0: Ball
1-0: Called Strike
1-1: Swinging Strike
1-2: Ball
2-2: Strikes out swinging
Batting: SHB José Espinoza 0-0: Ball
Cory Campbell steals 2nd base
1-0: Swinging Strike
1-1: Foul Ball, location: 2F
1-2: Foul Ball, location: 2F
1-2: DOUBLE (Groundball, 5L)
Cory Campbell scores
Pitching: LHP Mike Doss
Batting: SHB Luis Manuel López 0-0: Ball
1-0: Called Strike
1-1: Called Strike
1-2: Strikes out swinging
Top of the 8th over - 1 run, 1 hit, 0 errors, 1 left on base; Portland 4 - Havana 1
BOTTOM OF THE 8TH
Havana Rollers batting - Pitching for Portland Privateers : RHP Gabe Lewis
Batting: RHB Mitsuharu Matsumoto 0-0: Swinging Strike
0-1: Ball
1-1: Ball
2-1: Ball
3-1: Swinging Strike
3-2: Foul Ball, location: 2F
3-2: Base on Balls
Batting: RHB Luis Aguilar 0-0: Ball
1-0: Foul Ball, location: 2F
1-1: Ball
2-1: Fly out, F8 (Flyball, 8LS)
Batting: RHB Ken MacDonald 0-0: Ball
1-0: Fielders Choice at 2nd, 1-6 (Groundball, P)
Batting: RHB Paul Bailey 0-0: Ball
1-0: Foul Ball, location: 2F
1-1: Fly out, F9 (Line Drive, 89M)
Bottom of the 8th over - 0 runs, 0 hits, 0 errors, 1 left on base; Portland 4 - Havana 1
TOP OF THE 9TH
Portland Privateers batting - Pitching for Havana Rollers : LHP Mike Doss
Batting: RHB Carlos Castro 0-0: Called Strike
0-1: Ball
1-1: Swinging Strike
1-2: Strikes out swinging
Batting: LHB Yasuhiko Onodera 0-0: Ball
1-0: Called Strike
1-1: Ball
2-1: Ball
3-1: Ground out U3 (Groundball, 3)
Batting: SHB Jacob Knapp 0-0: Called Strike
0-1: Foul Ball, location: 2F
0-2: Strikes out swinging
Top of the 9th over - 0 runs, 0 hits, 0 errors, 0 left on base; Portland 4 - Havana 1
BOTTOM OF THE 9TH
Havana Rollers batting - Pitching for Portland Privateers : RHP Gabe Lewis
Batting: LHB Mario Olivares 0-0: Ball
1-0: Called Strike
1-1: Called Strike
1-2: Ball
2-2: Fly out, F2 (Popup, 2RF)
Batting: RHB Brant Sherman 0-0: Called Strike
0-1: SINGLE (Groundball, 34D)
Batting: RHB Soshu Nakamura 0-0: Ball
1-0: Ball
2-0: Ball
3-0: Called Strike
3-1: Swinging Strike
3-2: Strikes out swinging
Pitching: RHP Ricardo Ontiveros
Batting: RHB Bill Little 0-0: Ball
1-0: Swinging Strike
1-1: Foul Ball, location: 2F
1-2: Strikes out swinging
Bottom of the 9th over - 0 runs, 1 hit, 0 errors, 1 left on base; Portland 4 - Havana 1
Saturday, April 7th, 2018 - OOTP Baseball 18.8 Build 76